AoeStats
← danjo

Hill Fort

506829418Analyzed
4v4 RM · 18d ago on Sep 15, 2026· 123m 0s· 8 players
Game mode
Random Map
Map size
Large (8 player)
Population
200
Speed
Normal
Resources
Standard
Victory
Conquest
Starting age
Dark Age
Ending age
Imperial Age
RankedLock teamsTeams togetherTeam positionsShared explorationLock speedFull tech treeHidden civsTurbo modeCheats
Victory
Defeat
🇨🇳 Berbers · China
1123
+14
🇨🇳 Spanish · China
1069
+16
🇨🇳 Teutons · China
1023
+18
🇧🇪 Franks · Belgium
1106
-17
🇩🇪 Malians · Germany
1098
-17
🇹🇷 Burgundians · Türkiye
1070
-16
🇺🇾 Wu · Uruguay
1012
-13
Mr.Bean
10:51 Feudal Age
11:47 Loom
16:15 Castle Age
14:31 Double-Bit Axe
16:35 Horse Collar
17:47 Gold Mining
29:03 Wheelbarrow
37:06 Imperial Age
35:24 Scale Barding Armor
35:29 Forging
36:57 Hand Cart
37:04 Hand Cart
38:55 Elite Conquistador
39:54 Stone Mining
40:07 Heavy Plow
41:26 Padded Archer Armor
41:19 Fletching
41:50 Chain Barding Armor
42:05 Iron Casting
42:39 Conscription
48:13 Supremacy
48:33 Hoardings
48:27 Husbandry
48:38 Bloodlines
47:48 Light Cavalry
51:01 Leather Archer Armor
51:22 Plate Barding Armor
51:47 Blast Furnace
54:53 Ring Archer Armor
61:24 Chemistry
60:37 Masonry
60:22 Murder Holes
60:39 Fortified Wall
61:45 Caravan
61:58 Guilds
63:18 Ballistics
64:20 Bodkin Arrow
65:43 Architecture
70:10 Bow Saw
71:35 Sappers
79:02 Bracer
79:03 Scale Mail Armor
79:22 Cavalier
80:44 Paladin
84:55 Devotion
86:35 Two-Man Saw
87:36 Block Printing
87:33 Fervor
87:36 Redemption
87:28 Atonement
87:49 Sanctity
87:56 Illumination
87:34 Herbal Medicine
88:18 Theocracy
88:07 Heresy
101:48 Town Watch
109:18 Bombard Tower
B站-小伍长-玩战雷的弱智有点多...
11:07 Feudal Age
11:31 Horse Collar
11:37 Double-Bit Axe
18:41 Castle Age
17:26 Scale Mail Armor
17:58 Fletching
18:09 Padded Archer Armor
19:04 Forging
20:05 Wheelbarrow
20:58 Loom
21:26 Heavy Plow
21:40 Gold Mining
23:37 Stone Mining
26:20 Elite Skirmisher
26:31 Pikeman
27:12 Squires
28:10 Bow Saw
30:44 Imperial Age
29:15 Scale Barding Armor
29:46 Iron Casting
30:37 Gold Shaft Mining
31:07 Ballistics
30:28 Treadmill Crane
30:49 Bodkin Arrow
31:10 Leather Archer Armor
31:49 Conscription
32:09 Hoardings
32:19 Bracer
33:58 Hand Cart
34:16 Crop Rotation
33:57 Husbandry
36:01 Logistica
35:18 Halberdier
35:46 Arson
36:18 Chain Mail Armor
36:23 Chain Barding Armor
37:24 Thumb Ring
37:55 Plate Mail Armor
37:55 Ring Archer Armor
39:40 Two-Man Saw
39:45 Elite Cataphract
43:16 Plate Barding Armor
44:37 Chemistry
45:58 Bombard Tower
51:57 Caravan
63:19 Fortified Wall
86:02 Guilds
Exusiai
11:55 Feudal Age
13:49 Double-Bit Axe
14:25 Loom
17:09 Castle Age
15:47 Horse Collar
20:08 Bow Saw
27:41 Pikeman
28:22 Squires
28:26 Town Watch
29:38 Heavy Plow
30:21 Forging
30:13 Scale Mail Armor
33:21 Imperial Age
32:44 Wheelbarrow
32:52 Iron Casting
32:32 Chain Mail Armor
34:15 Chain Mail Armor
33:36 Elite Teutonic Knight
34:49 Halberdier
35:17 Arson
35:47 Gold Mining
35:47 Stone Mining
36:34 Crenellations
38:37 Blast Furnace
38:07 Plate Mail Armor
38:11 Crop Rotation
38:43 Two-Man Saw
39:03 Hand Cart
44:34 Capped Ram
51:34 Caravan
51:50 Guilds
74:38 Redemption
74:30 Atonement
74:44 Fervor
74:56 Sanctity
75:07 Illumination
74:58 Block Printing
77:21 Chemistry
79:30 Scale Barding Armor
80:48 Cavalier
81:39 Bloodlines
83:11 Paladin
92:31 Chain Barding Armor
107:07 Bombard Tower
General Brasch
7:20 Loom
9:36 Feudal Age
10:40 Double-Bit Axe
18:21 Horse Collar
21:12 Wheelbarrow
23:19 Castle Age
21:31 Bloodlines
21:31 Gold Mining
22:43 Scale Barding Armor
22:48 Stone Mining
23:53 Fletching
24:14 Forging
25:33 Chain Barding Armor
25:26 Bow Saw
25:23 Heavy Plow
25:26 Husbandry
26:38 Bodkin Arrow
33:15 Ballistics
35:52 Imperial Age
33:14 Town Watch
33:36 Treadmill Crane
33:52 Murder Holes
34:45 Kasbah
35:26 Fortified Wall
36:23 Iron Casting
35:48 Padded Archer Armor
36:28 Hand Cart
37:18 Plate Barding Armor
36:43 Bracer
37:50 Chemistry
37:43 Conscription
37:04 Heavy Camel Rider
39:32 Blast Furnace
38:48 Leather Archer Armor
38:49 Masonry
38:32 Pikeman
39:13 Squires
40:13 Guilds
40:03 Caravan
40:21 Maghrebi Camels
42:06 Crop Rotation
41:54 Elite Camel Archer
44:37 Cavalier
48:10 Hoardings
48:00 Capped Ram
49:34 Light Cavalry
54:11 Siege Engineers
53:39 Hussar
59:44 Elite Genitour
60:30 Thumb Ring
65:22 Onager
67:12 Ring Archer Armor
69:30 Town Patrol
74:29 Scale Mail Armor
80:36 Elite Skirmisher
80:52 Heavy Scorpion
86:00 Guard Tower
danjo
10:38 Feudal Age
13:33 Loom
17:18 Castle Age
16:37 Double-Bit Axe
17:02 Scale Barding Armor
19:21 Chain Barding Armor
24:16 Elite Skirmisher
24:51 Fletching
31:46 Imperial Age
29:51 Padded Archer Armor
30:32 Forging
30:50 Leather Archer Armor
31:24 Thumb Ring
32:51 Iron Casting
34:15 Ring Archer Armor
35:12 Plate Barding Armor
35:25 Wheelbarrow
34:50 Gold Mining
34:55 Stone Mining
35:16 Heavy Camel Rider
35:57 Husbandry
36:07 Bloodlines
36:37 Bodkin Arrow
38:04 Chemistry
38:17 Bloodlines
38:23 Horse Collar
39:27 Bow Saw
45:34 Ballistics
45:10 Murder Holes
48:52 Conscription
48:47 Caravan
49:31 Coinage
52:08 Gold Shaft Mining
51:49 Scale Mail Armor
51:44 Elite Gbeto
54:55 Chain Mail Armor
55:37 Squires
57:18 Hand Cart
57:19 Fortified Wall
62:04 Plate Mail Armor
61:56 Farimba
67:21 Light Cavalry
81:40 Tigui
FALCON
3:55 Double-Bit Axe
6:46 Horse Collar
10:49 Feudal Age
16:47 Castle Age
15:58 Bow Saw
15:53 Heavy Plow
20:16 Wheelbarrow
24:25 Crop Rotation
25:11 Hand Cart
25:19 Gold Mining
30:23 Imperial Age
29:41 Husbandry
30:33 Cavalier
33:49 Chemistry
33:09 Ballistics
34:51 Two-Man Saw
33:58 Paladin
35:07 Elite Skirmisher
35:44 Fletching
35:59 Scale Barding Armor
36:05 Forging
37:55 Bodkin Arrow
38:21 Chain Barding Armor
41:55 Stone Mining
42:40 Gold Shaft Mining
46:12 Light Cavalry
47:27 Crossbowman
49:59 Conscription
51:11 Plate Barding Armor
51:12 Iron Casting
51:38 Caravan
55:40 Blast Furnace
54:42 Scale Mail Armor
60:02 Bracer
60:03 Padded Archer Armor
61:45 Light Cavalry
70:34 Leather Archer Armor
70:42 Ballistics
70:19 Murder Holes
70:35 Masonry
73:45 Burgundian Vineyards
111:20 Flemish Revolution
112:33 Arson
112:48 Squires
hakki
9:57 Feudal Age
10:24 Double-Bit Axe
17:00 Castle Age
15:52 Gold Mining
17:25 Wheelbarrow
18:51 Bow Saw
19:29 Town Watch
20:58 Gold Shaft Mining
21:18 Stone Mining
21:21 Loom
25:25 Scale Barding Armor
25:51 Husbandry
26:48 Forging
28:18 Iron Casting
33:01 Imperial Age
31:19 Chain Barding Armor
31:22 Hand Cart
32:19 Scale Mail Armor
32:59 Squires
32:46 Arson
33:36 #83
33:07 Cavalier
34:09 Conscription
36:11 Plate Barding Armor
36:36 Blast Furnace
35:31 Pikeman
37:15 Blast Furnace
38:14 Paladin
39:05 Elite Throwing Axeman
40:17 Chain Mail Armor
41:11 Chemistry
42:06 Plate Mail Armor
41:07 Halberdier
42:03 Caravan
43:30 Masonry
43:45 Ballistics
44:52 Fletching
45:03 Padded Archer Armor
45:16 Murder Holes
46:10 Chivalry
47:51 Hoardings
47:07 Gambesons
46:43 Man-at-Arms
53:14 Elite Skirmisher
55:00 Architecture
55:44 Light Cavalry
60:35 Fortified Wall
66:49 Town Patrol
68:24 Bodkin Arrow
68:45 Leather Archer Armor
70:29 Fortified Wall
69:44 Long Swordsman
70:24 Two-Handed Swordsman
71:03 Champion
Codplayer
10:46 Feudal Age
11:54 Horse Collar
12:01 Double-Bit Axe
12:48 Loom
17:40 Castle Age
16:33 Gold Mining
21:53 Town Watch
24:02 Sanctity
24:50 Wheelbarrow
27:44 Town Patrol
29:17 Hand Cart
29:20 Bow Saw
30:31 Gold Shaft Mining
29:25 Pikeman
30:30 Caravan
31:02 Red Cliffs Tactics
31:22 Squires
31:08 Arson
31:06 Elite Skirmisher
33:18 Stone Mining
36:04 Imperial Age
34:17 Forging
34:07 Scale Mail Armor
33:59 Fletching
34:10 Padded Archer Armor
34:34 Ballistics
36:09 Halberdier
37:11 Conscription
36:13 Elite Fire Archer
38:01 Iron Casting
37:42 Chain Mail Armor
37:23 Bodkin Arrow
37:43 Leather Archer Armor
38:46 Chemistry
41:11 Bracer
41:27 Leather Archer Armor
42:12 Blast Furnace
41:43 Plate Mail Armor
42:15 Two-Man Saw
42:30 Sitting Tiger
93:09 Scale Barding Armor
93:08 Heavy Plow
94:14 Heavy Hei Guang Cavalry
95:07 Bloodlines
95:01 Husbandry
94:28 Light Cavalry
100:13 Hussar
Connection lost

Rejoining the realm…

Still unreachable

The connection could not be restored.

Session expired

The server has moved on; the page needs a fresh start.